 Dungeon Sprint DCSS version 0.29.1-4-g47bece8355 (webtiles) character file.

Game seed: 14863381063357585836

3412 boopmooplesden the Bludgeoner (level 9, -12/96 HPs)
             Began as a Minotaur Berserker on Dec 11, 2022.
             Was the Champion of Trog.
             Mangled by a polar bear (16 damage)
             ... in the Dungeon (Sprint IX: "|||||||||||||||||||||||||||||").
             The game lasted 00:02:10 (1030 turns).

boopmooplesden the Bludgeoner (Minotaur Berserker)  Turns: 1030, Time: 00:02:10

Health: -12/96     AC: 15    Str: 26    XL:     9   Next: 76%
Magic:  8/8        EV: 15    Int:  4    God:    Trog [******]
Gold:   0          SH:  0    Dex: 10    Spells: 8/8 levels left

rFire   . . .      SeeInvis .   a - +0 mace
rCold   . . .      Faith    .   (no shield)
rNeg    . . .      Spirit   .   m - +1 scale mail
rPois   .          Reflect  .   (helmet restricted)
rElec   .          Harm     .   (no cloak)
rCorr   .          Rampage  .   q - +2 pair of gloves {hurl}
Will    .....      NoTele   +   (no boots)
Stlth   ..........              (no amulet)
HPRegen 0.26/turn               n - +2 ring of protection
MPRegen 0.11/turn               o - +2 ring of evasion

@: on berserk cooldown, slowed, very slow
A: horns 2, retaliatory headbutt
a: Renounce Religion, Berserk, Trog's Hand, Brothers in Arms


You were in the Dungeon.
You worshipped Trog.
Trog was exalted by your worship.
You visited 1 branch

Inventory:

Hand Weapons
 a - a +0 mace (weapon)
 k - a +2 vorpal morningstar
Armour
 b - a +0 animal skin
 l - a +0 pair of gloves
 m - a +1 scale mail (worn)
 q - a +2 pair of gloves of hurling (worn)
Jewellery
 n - a +2 ring of protection (left hand)
 o - a +2 ring of evasion (right hand)
Wands
 j - a wand of acid (10)
Scrolls
 h - 3 scrolls of blinking
 r - 2 scrolls of enchant armour
 s - 4 scrolls of enchant weapon
 t - a scroll of butterflies
Potions
 c - 6 potions of curing
 d - 2 potions of heal wounds
 e - 2 potions of haste
 f - 4 potions of magic
 g - 2 potions of berserk rage
 i - a potion of invisibility
 p - a potion of might


   Skills:
 + Level 14.8 Fighting
 + Level 18.0 Maces & Flails
 + Level 10.9 Armour
 + Level 9.2 Dodging


You had 8 spell levels left.
You didn't know any spells.
Your spell library was empty.

Dungeon Overview and Level Annotations

Branches:
Dungeon (1/1)

Altars:
Cheibriados
Dithmenos
Elyvilon
Fedhas
Gozag
Hepliaklqana
Kikubaaqudgha
Makhleb
Nemelex Xobeh
Okawaru
Qazlal
Ru
Sif Muna
Trog
Uskayaw
Vehumet
Wu Jian
Xom
Yredelemnul
Zin
The Shining One
Jiyva
Lugonu


Innate Abilities, Weirdness & Mutations

You have a pair of horns on your head.
You reflexively headbutt those who attack you in melee.


Message History

You headbutt the polar bear, but do no damage.
The polar bear closely misses you.
The polar bear claws you but does no damage.
The blink frog hits you but does no damage.
You hit the polar bear. You headbutt the polar bear!
The polar bear is heavily wounded.
You feel sick.
The blink frog blinks!
The polar bear misses you. You furiously retaliate!
You headbutt the polar bear.
The polar bear claws you but does no damage.
The polar bear misses you.
You barely miss the polar bear.
The polar bear is heavily wounded.
You feel sick. The polar bear bites you. The polar bear closely misses you.
The polar bear misses you.
You hit the polar bear.
The polar bear is heavily wounded.
You feel sick.
You are no longer poisoned.
The blink frog blinks!
The polar bear barely misses you.
The polar bear claws you but does no damage.
The polar bear misses you.
The blink frog blinks!
You thump the polar bear!
The polar bear is severely wounded.
The polar bear goes berserk!
You hit the polar bear.
You headbutt the polar bear, but do no damage.
The polar bear is almost dead.
The polar bear bites you!
* * * LOW HITPOINT WARNING * * *
The polar bear claws you.
* * * LOW HITPOINT WARNING * * *
The polar bear barely misses you. The polar bear bites you!
* * * LOW HITPOINT WARNING * * *
The polar bear closely misses you.
The polar bear claws you but does no damage.
You hit the polar bear but do no damage.
You headbutt the polar bear!
The polar bear is almost dead.
The polar bear bites you!
You die...

▓▓▓▓▓▓▓▓▓▓▓▓▓▓▓▓▓▓▓▓▓▓▓▓
...!.[.)....)'..@hF....+
▓▓▓▓▓▓▓▓▓▓▓▓▓▓▓▓▓▓▓▓▓▓▓▓▓▓▓▓▓▓▓▓▓
.................................
▓▓▓▓▓▓▓▓▓▓▓▓▓▓▓▓▓▓▓▓▓▓▓▓▓▓▓▓▓▓▓▓▓
..)†....'________________________
▓▓▓▓▓▓▓▓▓▓▓▓▓▓▓▓▓▓▓▓▓▓▓▓▓▓▓▓▓▓▓▓▓


You could see a polar bear (berserk) and a blink frog.

Vanquished Creatures
  2 centaur warriors (D)
  A cane toad (D)
  A troll (D)
  A spriggan (shapeshifter) (D)
  A wyvern (D)
  A vampire (D)
  A shadow (D)
  2 basilisks (D)
  2 yaks (D)
  2 vampire mosquitoes (D)
  A water moccasin (D)
  A bullfrog (D)
  A gnoll sergeant (D)
  A hound (D)
  2 orc wizards (D)
  An adder (D)
  2 orcs (D)
  A quokka (D)
  A bat (D)
  2 kobolds (D)
  2 rats (D)
29 creatures vanquished.

Notes
Turn   | Place    | Note
-------+----------+-------------------------------------------
     0 | D        | boopmooplesden the Minotaur Berserker began the quest for
                  | the Orb.
     0 | D        | Reached XP level 1. HP: 19/19 MP: 0/0
     7 | D        | Reached skill level 4 in Maces & Flails
     8 | D        | Reached ** piety under Trog
    16 | D        | Noticed a hound
    21 | D        | Reached *** piety under Trog
    22 | D        | Reached skill level 5 in Fighting
    22 | D        | Reached skill level 5 in Maces & Flails
    22 | D        | Reached XP level 2. HP: 29/29 MP: 1/1
    26 | D        | Reached skill level 6 in Maces & Flails
    26 | D        | Reached XP level 3. HP: 31/37 MP: 2/2
   145 | D        | Found a snail-covered altar of Cheibriados.
   145 | D        | Found a shadowy altar of Dithmenos.
   145 | D        | Found a white marble altar of Elyvilon.
   145 | D        | Found a blossoming altar of Fedhas.
   145 | D        | Found an opulent altar of Gozag.
   146 | D        | Found a hazy altar of Hepliaklqana.
   147 | D        | Found a viscous altar of Jiyva.
   148 | D        | Found an ancient bone altar of Kikubaaqudgha.
   149 | D        | Found a corrupted altar of Lugonu.
   150 | D        | Found a burning altar of Makhleb.
   151 | D        | Found a sparkling altar of Nemelex Xobeh.
   152 | D        | Found an iron altar of Okawaru.
   153 | D        | Found a stormy altar of Qazlal.
   154 | D        | Found a sacrificial altar of Ru.
   155 | D        | Found a shimmering blue altar of Sif Muna.
   156 | D        | Found a bloodstained altar of Trog.
   157 | D        | Found a hide-covered altar of Uskayaw.
   158 | D        | Found a radiant altar of Vehumet.
   159 | D        | Found an ornate altar of the Wu Jian Council.
   160 | D        | Found a shimmering altar of Xom.
   161 | D        | Found a basalt altar of Yredelemnul.
   162 | D        | Found a glowing silver altar of Zin.
   163 | D        | Found a glowing golden altar of the Shining One.
   307 | D        | Noticed a yak
   307 | D        | Noticed a vampire
   307 | D        | Noticed a vampire mosquito
   307 | D        | Noticed a shadow
   311 | D        | Killed a yak
   311 | D        | Reached **** piety under Trog
   312 | D        | Reached skill level 9 in Maces & Flails
   312 | D        | Reached XP level 4. HP: 49/49 MP: 3/3
   312 | D        | Reached XP level 5. HP: 56/56 MP: 4/4
   318 | D        | Reached skill level 10 in Maces & Flails
   318 | D        | Reached skill level 5 in Armour
   322 | D        | Killed a vampire
   323 | D        | Reached skill level 10 in Fighting
   323 | D        | Reached skill level 11 in Maces & Flails
   323 | D        | Reached skill level 5 in Dodging
   323 | D        | Reached XP level 6. HP: 66/66 MP: 5/5
   324 | D        | Reached ***** piety under Trog
   332 | D        | Killed a vampire mosquito
   333 | D        | Reached skill level 12 in Maces & Flails
   341 | D        | Killed a shadow
   342 | D        | Reached skill level 13 in Maces & Flails
   342 | D        | Reached XP level 7. HP: 9/74 MP: 6/6
   637 | D        | Noticed a spriggan
   637 | D        | Noticed a centaur warrior
   637 | D        | Noticed a troll
   637 | D        | Noticed a vampire mosquito
   637 | D        | Noticed a centaur warrior
   643 | D        | Killed a spriggan
   644 | D        | Reached skill level 14 in Maces & Flails
   649 | D        | Killed a centaur warrior
   650 | D        | Reached skill level 15 in Maces & Flails
   650 | D        | Reached XP level 8. HP: 85/85 MP: 7/7
   657 | D        | Killed a troll
   662 | D        | Reached skill level 16 in Maces & Flails
   667 | D        | Killed a centaur warrior
   668 | D        | Reached skill level 17 in Maces & Flails
   668 | D        | Reached XP level 9. HP: 95/95 MP: 8/8
   994 | D        | Noticed a cane toad
   998 | D        | Killed a cane toad
   998 | D        | Received a gift from Trog
   999 | D        | Reached skill level 10 in Armour
  1006 | D        | Noticed a polar bear
  1007 | D        | Reached ****** piety under Trog
  1016 | D        | Reached skill level 18 in Maces & Flails
  1021 | D        | Received a gift from Trog
  1029 | D        | HP: 3/96 [polar bear (15)]
  1030 | D        | Mangled by a polar bear

Illustrated notes

Levels and vault maps discovered:
D:        linesprint [early_d, line_temple, items_1, d_10, items_2, lair_1,
          lair_end, items_3, orc_1, orc_end, items_4, d_15, swamp_1, shoals_1,
          snake_1, spider_1, d_20, vaults_1, items_5, swamp_end, shoals_end,
          snake_end, spider_end, vaults_end, d_27, items_6, zot_1, zot_end,
          crypt_end, forest_end, elf_end, slime_end, tomb_end, abyss_end,
          pan_hell_end]

Skill      XL: |  1  2  3  4  5  6  7  8  9 |
---------------+----------------------------+-----
Fighting       | 5 6 8 10 11 12 14 | 14.8
Maces & Flails | 5 6 9 11 13 15 17 18 | 18.0
Armour         | 3 4 5 6 8 9 10 | 10.9
Dodging        | 3 4 5 6 7 8 9 |  9.2

Action                   |  1- 3 |  4- 6 |  7- 9 || total
-------------------------+-------+-------+-------++-------
Melee: Mace              |    17 |    28 |    58 ||   103
       Headbutt          |     1 |     4 |    10 ||    15
       Punch             |       |       |     1 ||     1
Invok: Berserk           |     2 |       |     2 ||     4
  Use: Potion            |       |     1 |       ||     1
Armor: Scale mail        |       |     8 |    18 ||    26
Dodge: Dodged            |    10 |    12 |    39 ||    61
